 Dungeon Crawl Stone Soup version 0.26.1-10-gdfb7c7de75 (webtiles) character file.

Game seed: 4196497361745314787

45717 Revguard the Nimble (level 14, -13/105 HPs)
             Began as a Demonspawn Gladiator on Apr 11, 2021.
             Was a High Priest of Wu Jian.
             Killed from afar by a fire dragon (46 damage)
             ... with a blast of flame
             ... on level 15 of the Dungeon.
             The game lasted 01:25:29 (20909 turns).

Revguard the Nimble (Demonspawn Gladiator)         Turns: 20909, Time: 01:25:30

Health: -13/105    AC: 14    Str: 15    XL:     14   Next: 2%
Magic:  0/26       EV: 25    Int: 10    God:    Wu Jian [*****.]
Gold:   251        SH:  0    Dex: 19    Spells: 18/29 levels left

rFire    . . .     SeeInvis +   q - +2 scimitar (flame)
rCold    . . .     Faith    .   (no shield)
rNeg     . . .     Spirit   +   I - +2 troll leather armour
rPois    .         Reflect  .   a - +2 hat
rElec    .         Harm     .   k - scarf {+Inv}
rCorr    .         Rampage  .   m - +0 pair of gloves
Will     ++...                  h - +0 pair of boots
Stlth    ++++......             (no amulet)
HPRegen  0.67/turn              o - ring of see invisible
MPRegen  0.40/turn              C - ring of willpower

@: agile
A: antennae 1, mutation resistance 1, powered by pain 3, magic shield, magic
regeneration, magic link, MP-powered wands, sharp scales 3
a: Renounce Religion, Evoke Invisibility, Wall Jump, Serpent's Lash, Heavenly
Storm


You were on level 15 of the Dungeon.
You worshipped Wu Jian.
Wu Jian was extremely pleased with you.
You visited 2 branches of the dungeon, and saw 16 of its levels.
You also visited: Ossuary and Bailey.

You collected 1076 gold pieces.
You spent 825 gold pieces at shops.

Inventory:

Hand Weapons
 e - a +4 dagger
 q - a +2 scimitar of flaming (weapon)
 w - a +1 dagger of venom
Missiles
 p - 8 javelins (quivered)
Armour
 a - a +2 hat (worn)
 d - a +1 leather armour of cold resistance
 h - a +0 pair of boots (worn)
 k - a scarf of invisibility (worn)
 m - a +0 pair of gloves (worn)
 I - a +2 troll leather armour (worn)
 O - a +2 cloak
Jewellery
 o - a ring of see invisible (left hand)
 C - a ring of willpower (right hand)
 M - a +6 ring of intelligence
Wands
 b - a wand of digging (2)
 j - a wand of paralysis (7)
 t - a wand of flame (59)
 v - a wand of polymorph (5)
 A - a wand of acid (15)
 F - a wand of disintegration (23)
 S - a wand of iceblast (6)
Scrolls
 c - 6 scrolls of remove curse
 n - 3 scrolls of fog
 r - 4 scrolls of amnesia
 y - 2 scrolls of torment
 E - a scroll of holy word
 G - a scroll of identify
 K - a scroll of teleportation
 L - a scroll of silence
Potions
 i - 4 potions of lignification
 l - 2 potions of ambrosia
 s - 5 potions of mutation
 x - 4 potions of might
 z - 6 potions of magic
 B - a potion of attraction
 H - a potion of resistance
 J - 2 potions of brilliance
 Q - a potion of haste
 R - a potion of flight
 T - 7 potions of curing
Miscellaneous
 g - a lightning rod (4/4)
 D - a phial of floods (inert)
 N - a box of beasts
 U - a phantom mirror (inert)


   Skills:
 + Level 8.2 Fighting
 + Level 9.4(9.6) Short Blades
 + Level 2.6(6.5) Long Blades
 - Level 1.8 Throwing
 + Level 5.4 Armour
 * Level 10.7 Dodging
 + Level 9.1 Stealth
 * Level 8.2 Spellcasting
 + Level 5.5 Hexes
 + Level 4.3 Necromancy
 + Level 2.2 Poison Magic
 * Level 9.1 Evocations


You had 18 spell levels left.
You knew the following spells:

 Your Spells              Type           Power        Failure   Level
a - Confusing Touch       Hex            15%          6%          3
b - Animate Skeleton      Necr           24%          3%          1
c - Vampiric Draining     Necr           6%           10%         3
d - Animate Dead          Necr           6%           32%         4

Your spell library contained the following spells:

 Spells                   Type           Power        Failure   Level
 Corona                   Hex            16%          1%          1
 Pain                     Necr           48%          3%          1
 Inner Flame              Hex/Fire       9%           19%         3
 Apportation              Tloc           8%           21%         1
 Foxfire                  Conj/Fire      16%          21%         1
 Summon Small Mammal      Summ           16%          21%         1
 Conjure Flame            Conj/Fire      4%           52%         3
 Gell's Gravitas          Tloc           2%           52%         3
 Agony                    Necr           12%          65%         5
 Metabolic Englaciation   Hex/Ice        4%           87%         5
 Yara's Violent Unravell  Hex/Tmut       4%           87%         5
 Petrify                  Tmut/Erth      4%           89%         4
 Sticky Flame             Conj/Fire      4%           89%         4
 Fireball                 Conj/Fire      2%           99%         5


Dungeon Overview and Level Annotations

Branches:
Dungeon (15/15)            Temple (1/1) D:7            Lair (0/6) D:11
    Orc (0/2) D:11         Vaults (0/5) D:14        Ossuary (visited)
 Bailey (visited)
 Depths: D:15

Altars:
Ashenzari
Cheibriados
Dithmenos
Elyvilon
Fedhas
Gozag
Hepliaklqana
Kikubaaqudgha
Makhleb
Nemelex Xobeh
Okawaru
Qazlal
Ru
Sif Muna
Trog
Uskayaw
Vehumet
Wu Jian
Xom
Yredelemnul
Zin
The Shining One

Shops:
D:4 :   D:14 !(

Annotations:
D:6 2 transporters


Innate Abilities, Weirdness & Mutations

You have a pair of small antennae on your head.
You are powered by pain.
When hurt, damage is shared between your health and your magic reserves.
You regenerate magic rapidly.
When low on magic, you restore magic in place of health.
You are completely covered in razor-sharp scales. (AC +3, Slay +3)
You are somewhat resistant to further mutation.
You expend magic power (3 MP) to strengthen your wands.


Message History

The freezing wraith is severely damaged.
The bolt of acid hits the fire dragon!!
The fire dragon is splashed with acid!
The fire dragon is moderately wounded.
The freezing wraith hits you but does no damage.
The freezing wraith closely misses you.
Aiming: Corrosive Bolt
Press: ? - help, Shift-Dir - straight line, f/p - fire dragon
Aim: a fire dragon (moderately wounded, 18% to evade)
You feel a surge of power!
The bolt of acid hits the freezing wraith.
The freezing wraith is splashed with acid!
The acid corrodes the freezing wraith!
You destroy the freezing wraith!
The Council accepts your kill.
The bolt of acid hits the fire dragon!
The fire dragon is splashed with acid.
The acid corrodes the fire dragon!
The fire dragon is heavily wounded.
The fire dragon breathes flames at you. The blast of flame hits you!!!
You die...

.. ... ####.... #.......
##..#.(.. ###...#....
########..........
#.)D).............
#@#######....#.... . #.#
###.[.##....
##..#.#####..)).#..#.#
#.....#.#.##..[....#..
........#...(.........
.................#....
...........##..(.(...###...
#..........#((...(...#.....
..l#.#.#.$....(..(.).......


You could see a fire dragon (catching breath, corroded).

Vanquished Creatures
  Gastronok (D:11)
  Harold (D:7)
  A catoblepas (D:14)
  A hydra (D:12)
  A boulder beetle (D:13)
  3 death yaks (D:10)
  2 dancing weapons (D:14)
  A tengu warrior (D:14)
  2 centaur warriors
  2 skeletal warriors (D:15)
  5 unseen horrors
  2 orc knights
  A wizard (D:13)
  Pikel (D:5)
  3 manticores
  A deep elf mage (D:14)
  3 cyclopes
  4 slime creatures (D:14)
  10 ugly things
  4 gargoyles
  5 large abominations (D:13)
  2 komodo dragons
  2 freezing wraiths (D:15)
  2 efreet
  Grinder (D:5)
  A hornet (D:7)
  6 trolls
  3 wraiths
  18 yaks
  2 shadows
  A centaur simulacrum (D:15)
  Sigmund (D:5)
  A water elemental (D:14)
  A basilisk (D:14)
  A vampire (D:14)
  A steam dragon (D:11)
  2 vampire mosquitoes (D:13)
  A soldier ant (D:11)
  An acid dragon (D:13)
  A water moccasin (D:12)
  8 orc warriors
  7 small abominations (D:13)
  2 sky beasts
  3 ice beasts
  3 black bears
  3 phantoms
  2 eyes of draining
  6 ogres
  3 necrophages
  12 centaurs
  A lemure (D:5)
  2 big kobolds
  6 bullfrogs
  2 wyvern zombies
  2 elf skeletons (D:8)
  A wyvern skeleton (D:10)
  3 scorpions
  18 killer bees
  19 wights
  An electric eel (D:14)
  5 howler monkeys
  A bullfrog zombie (D:7)
  A quasit (D:12)
  11 hounds
  4 human zombies (D:8)
  3 jellies
  2 bullfrog skeletons
  13 orc wizards
  11 orc priests
  Crazy Yiuf (D:5)
  6 centaur skeletons
  2 iguanas
  A human skeleton (D:8)
  9 worker ants
  A hell rat (D:11)
  Ijyb (D:3)
  An ogre zombie (D:8)
  3 big kobold zombies (Ossuary)
  6 mummies
  A howler monkey zombie (D:5)
  2 worker ant zombies
  17 gnolls
  18 adders
  2 shadow imps
  2 white imps
  4 ufetubi
  An ooze (D:6)
  2 adder skeletons
  3 worms
  3 dart slugs
  9 leopard geckos
  51 orcs
  2 ball pythons
  11 giant cockroaches
  9 goblins
  16 hobgoblins
  4 jackals (D:8)
  7 quokkas
  10 bats
  7 frilled lizards
  2 hobgoblin zombies (Ossuary)
  26 kobolds
  A leopard gecko skeleton (D:7)
  A leopard gecko zombie (D:5)
  A quokka zombie (D:5)
  7 rats
507 creatures vanquished.

Vanquished Creatures (collateral kills)
  A gargoyle (D:9)
  A troll (D:12)
  An ice beast (D:9)
  An eye of draining (D:9)
  A wight (D:11)
  An electric eel (D:14)
6 creatures vanquished.

Vanquished Creatures (others)
  An orc (D:5)
  A hobgoblin (Bailey)
  A kobold (Bailey)
  6 plants (D:6)
9 creatures vanquished.

Grand Total: 522 creatures vanquished

Notes
Turn   | Place    | Note
-------+----------+-------------------------------------------
     0 | D:1      | Revguard the Demonspawn Gladiator began the quest for the
                  | Orb.
     0 | D:1      | Reached XP level 1. HP: 16/16 MP: 1/1
   210 | D:1      | Gained mutation: You have a pair of small antennae on your
                  | head. [demonic ancestry]
   210 | D:1      | Reached XP level 2. HP: 22/22 MP: 2/2
   867 | D:1      | Reached skill level 3 in Dodging
  1528 | D:2      | Reached XP level 3. HP: 27/27 MP: 3/3
  1972 | D:2      | Gained mutation: When hurt, damage is shared between your
                  | health and your magic reserves. [demonic ancestry]
  1972 | D:2      | Reached XP level 4. HP: 30/34 MP: 4/4
  2187 | D:2      | Reached skill level 1 in Armour
  2493 | D:2      | Gained mutation: You expend magic power (3 MP) to
                  | strengthen your wands. [potion of mutation]
  2493 | D:2      | Gained mutation: You are somewhat resistant to further
                  | mutation. [potion of mutation]
  2584 | D:3      | Noticed a black bear
  2595 | D:3      | Killed a black bear
  2596 | D:3      | Reached skill level 1 in Stealth
  2596 | D:3      | Gained mutation: You are partially covered in razor-sharp
                  | scales. (AC +1, Slay +1) [demonic ancestry]
  2596 | D:3      | Reached XP level 5. HP: 39/39 MP: 5/5
  3028 | D:3      | Noticed Ijyb
  3058 | D:3      | Paralysed by something for 7 turns
  3069 | D:3      | Paralysed by something for 5 turns
  3077 | D:3      | Killed Ijyb
  3422 | D:4      | Gained mutation: You regenerate magic rapidly. [demonic
                  | ancestry]
  3422 | D:4      | Reached XP level 6. HP: 39/46 MP: 4/6
  3568 | D:4      | Found a sand-covered staircase.
  3577 | Ossuary  | Entered an ossuary
  4246 | D:4      | Found Uklepluo's Book Shoppe.
  4456 | D:5      | Entered Level 5 of the Dungeon
  4472 | D:5      | Noticed Pikel
  4545 | D:5      | Killed Pikel
  4546 | D:5      | Reached skill level 5 in Short Blades
  4546 | D:5      | Reached skill level 4 in Dodging
  4546 | D:5      | Reached skill level 1 in Spellcasting
  4546 | D:5      | Reached skill level 1 in Evocations
  4546 | D:5      | Gained mutation: You sometimes gain a little power by
                  | taking damage. [demonic ancestry]
  4546 | D:5      | Reached XP level 7. HP: 24/52 MP: 3/9
  4807 | D:5      | Noticed Sigmund
  4825 | D:5      | Killed Sigmund
  4826 | D:5      | Gained mutation: You are mostly covered in razor-sharp
                  | scales. (AC +2, Slay +2) [demonic ancestry]
  4826 | D:5      | Reached XP level 8. HP: 31/58 MP: 6/10
  5223 | D:5      | Noticed Grinder
  5231 | D:5      | Killed Grinder
  5673 | D:5      | Got a pair of faintly glowing boots
  5678 | D:5      | Identified the -4 pair of boots of the King of the Hill
                  | {+Blink rF+ Str+3} (You found it on level 5 of the Dungeon)
  5791 | D:5      | Found a runed translucent door.
  5792 | D:5      | Noticed Crazy Yiuf
  5800 | D:5      | Killed Crazy Yiuf
  5854 | D:6      | Found a transporter.
  5888 | D:6      | Reached skill level 5 in Dodging
  5981 | D:6      | Found a transporter.
  6006 | D:6      | Noticed a kobold demonologist
  6046 | D:6      | Learned a level 3 spell: Confusing Touch
  6300 | D:6      | Gained mutation: You are completely covered in razor-sharp
                  | scales. (AC +3, Slay +3) [demonic ancestry]
  6300 | D:6      | Reached XP level 9. HP: 61/65 MP: 13/13
  7222 | D:7      | Reached skill level 1 in Hexes
  7236 | D:7      | Found a flagged portal.
  7257 | Bailey   | Entered a bailey
  7333 | Bailey   | Reached skill level 5 in Stealth
  7600 | Bailey   | Noticed an orc knight
  8081 | Bailey   | Killed an orc knight
  8528 | Bailey   | Reached skill level 7 in Dodging
  8528 | Bailey   | Reached skill level 5 in Evocations
  8528 | Bailey   | Gained mutation: When low on magic, you restore magic in
                  | place of health. [demonic ancestry]
  8528 | Bailey   | Reached XP level 10. HP: 73/73 MP: 14/17
  9035 | D:7      | Found a staircase to the Ecumenical Temple.
  9052 | Temple   | Entered the Ecumenical Temple
  9057 | Temple   | Became a worshipper of the Wu Jian Council
  9130 | D:7      | Noticed Harold
  9153 | D:7      | Reached skill level 5 in Fighting
  9164 | D:7      | Reached skill level 5 in Spellcasting
  9172 | D:7      | Killed Harold
  9618 | D:7      | Found a stormy altar of Qazlal.
 10309 | D:8      | Gained mutation: You sometimes gain power by taking damage.
                  | [demonic ancestry]
 10309 | D:8      | Reached XP level 11. HP: 44/74 MP: 14/18
 10320 | D:8      | Reached * piety under Wu Jian
 10817 | D:8      | Found a basalt altar of Yredelemnul.
 10925 | D:9      | Learned a level 5 spell: Metabolic Englaciation
 10961 | D:9      | Learned a level 1 spell: Animate Skeleton
 11507 | D:9      | Reached ** piety under Wu Jian
 11615 | D:9      | Reached skill level 5 in Hexes
 12438 | D:10     | Entered Level 10 of the Dungeon
 12849 | D:10     | Reached skill level 8 in Dodging
 14482 | D:11     | Noticed a death yak
 14485 | D:11     | Noticed a death yak
 14497 | D:11     | Found a staircase to the Lair.
 14503 | D:11     | Noticed Gastronok
 14506 | D:11     | Noticed a death yak
 14514 | D:11     | Reached *** piety under Wu Jian
 14659 | D:10     | Killed a death yak
 14789 | D:10     | Killed a death yak
 14803 | D:10     | Gained mutation: You are powered by pain. [demonic
                  | ancestry]
 14803 | D:10     | Reached XP level 12. HP: 31/88 MP: 12/20
 14963 | D:10     | Killed a death yak
 15132 | D:11     | Killed Gastronok
 15524 | D:11     | Reached skill level 9 in Dodging
 15631 | D:11     | Found a staircase to the Orcish Mines.
 15977 | D:4      | Bought a book of Necromancy for 390 gold pieces
 15981 | D:4      | Learned a level 3 spell: Vampiric Draining
 15986 | D:4      | Learned a level 4 spell: Animate Dead
 16232 | D:12     | Reached **** piety under Wu Jian
 16367 | D:12     | Noticed a seven-headed hydra
 16383 | D:12     | Killed a seven-headed hydra
 17059 | D:13     | Noticed a boulder beetle
 17074 | D:13     | Killed a boulder beetle
 17284 | D:13     | Reached ***** piety under Wu Jian
 17542 | D:13     | Reached XP level 13. HP: 96/96 MP: 23/23
 17968 | D:14     | Reached skill level 10 in Dodging
 17993 | D:14     | Found Waezuox's Distillery.
 18265 | D:14     | Bought a potion of invisibility for 120 gold pieces
 18265 | D:14     | Bought a potion of heal wounds for 75 gold pieces
 18265 | D:14     | Bought a potion of curing for 45 gold pieces
 18265 | D:14     | Bought a potion of haste for 150 gold pieces
 18265 | D:14     | Bought a potion of flight for 45 gold pieces
 18404 | D:14     | Found Jaidwya's Antique Weapon Shoppe.
 18474 | D:14     | Found a broken altar of Ashenzari.
 18672 | D:14     | Reached skill level 5 in Armour
 19091 | D:14     | Found a gate to the Vaults.
 19261 | D:14     | Reached skill level 1 in Long Blades
 19855 | D:14     | Found an ornate altar of the Wu Jian Council.
 19874 | D:15     | Entered Level 15 of the Dungeon
 20063 | D:15     | Noticed a fire dragon
 20722 | D:15     | Reached XP level 14. HP: 20/105 MP: 0/26
 20909 | D:15     | Killed from afar by a fire dragon

Illustrated notes

Levels and vault maps discovered:
D:1:      minmay_arrival_four_circles, layout_basic, grunt_decor_arrowhead,
          minmay_ruptured
D:2:      layout_basic
D:3:      layout_loops_ring, uniq_ijyb
D:4:      layout_cave_pools, serial_shops, shop, nicolae_ossuary_entry_monument
D:5:      layout_rooms, uniq_sigmund, uniq_pikel, uniq_crazy_yiuf_cottage,
          uniq_grinder
D:6:      gammafunk_wand_slinger, layout_basic, cheibrodos_sewer_entry_sluice,
          minmay_lizard_king
D:7:      layout_basic, minmay_temple_entry_mist, basic_altar, enter_bailey_6,
          hangedman_decor_riveting, uniq_harold
D:8:      layout_rooms, lemuel_mausoleum_altar_yredelemnul,
          hangedman_decor_clover_reticule
D:9:      layout_layer_cave, grunt_ministairs_13
D:10:     minmay_evil_eye, layout_loops_ring
D:11:     layout_rooms, dpeg_lair_monsters, david_orc_2, uniq_gastronok
D:12:     layout_rooms
D:13:     layout_irregular_city, roderic_roman_lattice, laboratory
D:14:     layout_basic, erik_vaults_1, serial_shops, nicolae_shop_statue_plus,
          shop, nicolae_ashenzari_panopticon, david_defended_altar_elf
D:15:     hangedman_depths_entry_try_elsewhere_first, layout_cave_pools,
          serial_glass, glass_columns_b, glass_columns_b, glass_columns_b,
          minmay_puff
Temple:   grunt_wide_crystal_templ

Skill      XL: |  1  2  3  4  5  6  7  8  9 10 11 12 13 |
---------------+----------------------------------------+-----
Short Blades   | 3 4 5 6 7 8 9 |  9.4
Dodging        | 3 4 5 7 8 9 10 | 10.7
Armour         | 1 2 3 4 5 |  5.4
Stealth        | 1 3 4 7 8 9 |  9.1
Fighting       | 3 4 5 6 7 8 |  8.2
Spellcasting   | 1 2 4 5 7 8 |  8.2
Evocations     | 1 3 5 6 8 9 |  9.1
Hexes          | 4 5 |  5.5
Necromancy     | 2 3 4 |  4.3
Poison Magic   | 2 |  2.2
Long Blades    | 2 |  2.6
Throwing       | |  1.8

Action                   |  1- 3 |  4- 6 |  7- 9 | 10-12 | 13-15 || total
-------------------------+-------+-------+-------+-------+-------++-------
Melee: Rapier            |   134 |    49 |       |       |       ||   183
       Dagger            |       |   252 |   363 |  1655 |   720 ||  2990
       Scimitar          |       |       |       |       |    56 ||    56
Throw: Throwing net      |       |     3 |       |     2 |       ||     5
       Javelin           |       |     1 |     5 |     1 |       ||     7
 Cast: Animate Skeleton  |       |       |       |    20 |     5 ||    25
       Confusing Touch   |       |       |       |    11 |     5 ||    16
       Vampiric Draining |       |       |       |     5 |     1 ||     6
       Animate Dead      |       |       |       |       |     5 ||     5
Invok: Lunge             |       |       |       |   128 |    39 ||   167
       Whirlwind         |       |       |       |   244 |   248 ||   492
       Serpent's Lash    |       |       |       |     5 |       ||     5
       Heavenly Storm    |       |       |       |       |     1 ||     1
 Abil: Evoke Invisibilit |       |       |     3 |     1 |     1 ||     5
       Wall Jump         |       |       |       |     6 |     1 ||     7
Evoke: Wand              |       |       |       |     2 |    12 ||    14
       Lightning rod     |       |       |       |       |     4 ||     4
       Box of beasts     |       |       |       |       |     1 ||     1
       Phial of floods   |       |       |       |       |     1 ||     1
       Phantom mirror    |       |       |       |       |     1 ||     1
  Use: Potion            |     1 |    10 |     4 |     2 |    11 ||    28
       Scroll            |       |    12 |     6 |    10 |     6 ||    34
 Stab: Held in net/web   |       |     2 |       |     2 |       ||     4
       Sleeping          |       |     3 |     7 |    38 |     5 ||    53
       Invisible         |       |       |    16 |     1 |     7 ||    24
       Distracted        |       |       |     1 |     5 |       ||     6
       Confused          |       |       |       |     7 |     5 ||    12
       Paralysed         |       |       |       |     1 |       ||     1
Armor: Leather armour    |    29 |    66 |    81 |    95 |       ||   271
       Skin              |     6 |    32 |       |       |       ||    38
       Troll leather arm |       |       |       |   128 |   125 ||   253
Dodge: Dodged            |    98 |   108 |   298 |   826 |   402 ||  1732
       Rpst.: Scimitar   |       |       |       |       |    18 ||    18
